Unix NetHack Version 5.0.0-0 post-release - last build May  4 2026 22:22:43 (774f63e81ad911689b3a0859ea89b322d5daca8d,branch:main).

Game began 2026-05-05 10:29:06, ended 2026-05-05 10:48:02.

01246791210, neutral male human Barbarian

     --------------
     |!!!!!!!!!.!!|           ---------------
     |!!!!!!!!!!!!|           |>............|              ---------------
     |............|           |.............|              |......_......|
     ---------|----           |.........%%...#             |..........%.<|
              #               --.------------#       ######-..........%.%|
              #                 ##           #       #     |.............|
              #                ###           #       #     |......!...$..|
              #                ###           #       #     -----------.---
              #        -----.---.-+-      ##?#       #                #
            ###      ##|...........|      %-----     #               ##
            #      ### |...........|      #|....######               #
            #      #   |...........|#######|...|                     #
            #     ##@i#:e..........|      #|..%|                     #
     -------.---- # o  -------------      #|....###                --.--------
     |..........| # #                     #....|  #                |.........|
     |...........####                      |.._|  #################|.........|
     |{.>.......|                          -----                  #..........|
     ------------                                                  -----------

01246791210 the Pillager   St:18/02 Dx:16 Co:18 In:7 Wi:7 Ch:7  Neutral
Dlvl:3  $:29 HP:0(52) Pw:11(11) AC:7  Xp:4 T:1717 

Latest messages:
 You see here 10 gold pieces.
 $ - 10 gold pieces (29 in total).
 The door opens.
 You see here a scroll labeled READ ME.
 r - a scroll labeled READ ME.
 The jar crashes on your head and breaks into shards.
 The fizzy potion evaporates.
 Something seems to be holding you.
 You can move again.
 "Hello, 01246791210!  Welcome to Raciborz's liquor emporium!"
 The goblin hits!
 You kill the goblin!
 You are beginning to feel hungry.
 What do you want to eat? [gq or ?*] g
 This fortune cookie is terrible!
 This cookie has a scrap of paper inside.
 It reads:
 They say that you should name your dog Spuds to have a cool pet.
 The dwarf zombie hits!
 You destroy the dwarf zombie!
 The hobgoblin swings her scimitar.
 The hobgoblin just misses!
 The hobgoblin swings her scimitar.
 The hobgoblin hits!
 The kitten bites!
 The kitten bites!
 You kill the kitten!
 You miss the homunculus.
 The homunculus bites!
 You are put to sleep by the homunculus!
 The hobgoblin swings her scimitar.
 The hobgoblin hits!
 The homunculus bites!
 The hobgoblin swings her scimitar.
 The hobgoblin hits!
 The homunculus bites!
 The hobgoblin swings her scimitar.
 The hobgoblin hits!
 The homunculus bites!
 The hobgoblin swings her scimitar.
 The hobgoblin hits!
 The homunculus bites!
 The hobgoblin swings her scimitar.
 The hobgoblin hits!
 You die...
 Do you want your possessions identified? [ynq] (y) n
 Do you want to see your attributes? [ynq] (y) n
 Do you want an account of creatures vanquished? [ynaq] (y) n
 Do you want to see your conduct and achievements? [ynq] (y) n
 Do you want to see the dungeon overview? [ynq] (y) n

Inventory:
 Coins    ('$')
  $ - 29 gold pieces
 Weapons  (')')
  i - 9 +0 arrows
  l - a +1 orcish dagger
  p - a cursed -1 orcish dagger
  b - a +0 axe (alternate weapon; not wielded)
  j - a cursed -1 long sword
  a - a +0 two-handed sword (weapon in hands)
 Armor    ('[')
  c - an uncursed +0 ring mail (being worn)
 Comestibles  ('%')
  q - a cursed slime mold
 Scrolls  ('?')
  r - an uncursed scroll of identify
 Potions  ('!')
  m - an uncursed potion of healing
 Rings    ('=')
  n - a cursed ring of aggravate monster
 Wands    ('/')
  o - a wand of cold (0:6)
 Tools    ('(')
  h - an empty uncursed unlocked large box
  k - a cursed magic lamp
  e - an uncursed oil lamp

01246791210 the Barbarian's attributes:

Background:
 You were a Pillager, a level 4 male human Barbarian.
 You were neutral, nominally on a mission for Crom
 who was opposed by Mitra (lawful) and Set (chaotic).
 You were right-handed.
 You were in the Dungeons of Doom, on level 3.
 You entered the dungeon 1717 turns ago.
 You had 157 experience points, 3 more were needed to attain level 5.

Basics:
 You had 0 out of 52 hit points.
 You had all 11 energy points (spell power).
 Your armor class was 7.
 Your wallet contained 29 zorkmids.
 Autopickup was off.

Final Characteristics:
 Your strength was 18/02 (limit:18/100).
 Your dexterity was 16 (limit:18).
 Your constitution was 18 (limit:18).
 Your intelligence was 7 (limit:18).
 Your wisdom was 7 (limit:18).
 Your charisma was 7 (limit:18).

Final Status:
 You weren't hungry.
 You were unencumbered.
 You were wielding a two-handed sword.
 You had basic skill with two-handed sword.

Final Attributes:
 You were devoutly aligned.
 You were poison resistant.
 You were warded.
 You are dead.

Miscellaneous:
 You didn't encounter any bones levels.
 Total elapsed playing time was 18 minutes and 55 seconds.

Major events:
 Turn
    1: 01246791210 the neutral male human Barbarian entered the dungeon
  767: attained the rank of Pillager (level 3)
 1717: killed by a hobgoblin, while sleeping

You didn't know any spells.

Skills:
 Fighting Skills
   bare handed combat [Basic]
   two weapon combat  [Unskilled]
   riding             [Unskilled]
 Weapon Skills
   dagger             [Unskilled]
   axe                [Basic]
   pick-axe           [Unskilled]
   short sword        [Unskilled]
   broadsword         [Unskilled]
   long sword         [Unskilled]
   two-handed sword   [Basic]
   saber              [Unskilled]
   club               [Unskilled]
   mace               [Unskilled]
   morning star       [Unskilled]
   flail              [Unskilled]
   hammer             [Unskilled]
   quarterstaff       [Unskilled]
   spear              [Unskilled]
   trident            [Unskilled]
   bow                [Unskilled]
 Spellcasting Skills
   attack spells      [Unskilled]
   escape spells      [Unskilled]

Voluntary challenges:
 Character rerolling was not enabled.
 You were vegetarian.
 You were an atheist.
 You never genocided any monsters.
 You never polymorphed an object.
 You never changed form.
 You used no wishes.
Achievements:
 You entered a shop.
 You attained the rank of Pillager.

 The Dungeons of Doom: levels 1 to 3
    Level 1:
       Some fountains.
    Level 2:
       A weapon shop, a fountain.
    Level 3: <- You were here.
       A potion shop, some altars, a fountain.
       Final resting place for
          you, killed by a hobgoblin, while sleeping.


Vanquished creatures:
  a shrieker
  2 floating eyes
  a kitten
  a homunculus
  2 kobold leaders
 an orc zombie
  a dwarf zombie
  2 iguanas
  2 coyotes
  a brown mold
  2 yellow molds
  2 garter snakes
  a jackal
  a fox
  4 goblins
  2 sewer rats
  4 grid bugs
  5 lichens
  2 kobold zombies
  5 newts
42 creatures vanquished.

No species were genocided or became extinct.

Game over:
                       ----------
                      /          \
                     /    REST    \
                    /      IN      \
                   /     PEACE      \
                  /                  \
                  |   01246791210    |
                  |      29 Au       |
                  |   killed by a    |
                  |    hobgoblin     |
                  |                  |
                  |                  |
                  |       2026       |
                 *|     *  *  *      | *
        _________)/\\_//(\/(/\)/\//\/|_)_______

Goodbye 01246791210 the Barbarian...

You died in The Dungeons of Doom on dungeon level 3 with 755 points,
and 29 pieces of gold, after 1717 moves.
You were level 4 with a maximum of 52 hit points when you died.

